 Dungeon Crawl Stone Soup version 0.18.1-48-g4cf74bf (webtiles) character file.

120105 hairmachine the Bludgeoner (level 16, -3/219 HPs)
             Began as a Black Draconian Gladiator on July 18, 2016.
             Was a High Priest of Okawaru.
             Slain by an entropy weaver (13 damage)
             ... on level 1 of the Spider Nest on July 20, 2016.
             The game lasted 03:09:05 (49295 turns).

hairmachine the Bludgeoner (DrGl)                  Turns: 49295, Time: 03:09:06

Health: -3/219     AC:  9    Str: 24    XL:     16   Next: 29%
Magic:  4/22       EV: 24    Int: 18    God:    Okawaru [*****.]
Gold:   1786       SH:  9    Dex: 18    Spells: 5 memorised, 11 levels left

rFire  . . .     SeeInvis .     o - +7 flail (protect)
rCold  . . .     Gourm    .     (armour unavailable)
rNeg   . . .     Faith    .     c - +3 buckler "Heabro Ypah" {Stlth+}
rPois  +         Spirit   .     b - +1 hat
rElec  +         Dismiss  .     D - +0 cloak of the Jackalope {+Blink rPois Stlth+}
rCorr  .         Reflect  .     (no gloves)
SustAt .         Harm     .     K - +0 pair of boots
MR     ++...     Clarity  +     a - amulet of Ascent {+Rage rPois Int+6 Dex+4}
Stlth  ..........               E - ring of wizardry
                                g - ring of protection from magic

@: berserking, lethally poisoned (-3 -> -35), heroism, corroded, flying, very
quick, very resistant to hostile enchantments, extremely unstealthy
A: breathe lightning, unfitting armour, big wings, clarity, electricity
resistance, cold-blooded, AC +9
a: Breathe Lightning, Stop Flying, Heroism, Finesse, Renounce Religion, Evoke
Blink, Evoke Berserk Rage


You were on level 1 of the Spider Nest.
You worshipped Okawaru.
Okawaru was extremely pleased with you.
You were not hungry.

You visited 5 branches of the dungeon, and saw 26 of its levels.
You also visited: Sewer.

You collected 2818 gold pieces.
You spent 1032 gold pieces at shops.

Inventory:

Hand Weapons
 o - a +7 flail of protection (weapon)
 I - a +2 demon whip of venom
Missiles
 C - 6 steel javelins (quivered)
Armour
 b - a +1 hat (worn)
 c - the +3 buckler "Heabro Ypah" (worn) {Stlth+}
   (Okawaru gifted it to you on level 8 of the Lair of Beasts)

   It makes you more stealthy.
 q - a +0 buckler of reflection
 D - the +0 cloak of the Jackalope (worn) {+Blink rPois Stlth+}
   (You bought it in a shop on level 7 of the Dungeon)

   It protects you from poison.
   It lets you blink.
   It makes you more stealthy.
 K - a +0 pair of boots (worn)
Jewellery
 a - the amulet of Ascent (around neck) {+Rage rPois Int+6 Dex+4}
   (You found it on level 8 of the Lair of Beasts)

   [amulet of rage]

   It affects your intelligence (+6).
   It affects your dexterity (+4).
   It protects you from poison.
   It lets you go berserk.
 g - a ring of protection from magic (left hand)
 E - a ring of wizardry (right hand)
Wands
 r - a wand of disintegration (13/24)
 J - a wand of confusion (25/48)
 R - a wand of lightning (4/15)
 X - a wand of acid (10/15)
Scrolls
 h - a scroll of blinking {unknown}
 i - a scroll of summoning
 m - 5 scrolls of recharging
 u - 11 scrolls of magic mapping
 v - 6 scrolls of remove curse
 x - 4 scrolls of fear
 A - a scroll of fog
 B - 4 scrolls of identify
 F - 6 scrolls of amnesia
 G - 2 scrolls of silence
 H - a scroll of acquirement {unknown}
 L - 2 scrolls of teleportation
 T - a scroll of enchant weapon
Potions
 j - a potion of brilliance
 k - 7 potions of flight
 s - 3 potions of curing
 t - 3 potions of cure mutation {unknown}
 w - a potion of haste
 z - 2 potions of heal wounds
 N - a potion of resistance {unknown}
 O - a potion of invisibility {unknown}
 P - a potion of might
 U - 2 potions of cancellation
 V - a potion of magic
 W - 3 potions of lignification {unknown}
Books
 e - a book of Cantrips

   Spells                             Type                      Level
   a - Corona                         Hexes                        1
   b - Animate Skeleton               Necromancy                   1
   c - Summon Small Mammal            Summoning                    1
   d - Apportation                    Translocation                1
 l - a book of Geomancy

   Spells                             Type                      Level
   a - Sandblast                      Earth                        1
   b - Passwall                       Transmutation/Earth          2
   c - Stone Arrow                    Conjuration/Earth            3
   d - Petrify                        Transmutation/Earth          4
   e - Lee's Rapid Deconstruction     Earth                        5
 S - a book of Ice

   Spells                             Type                      Level
   a - Ice Form                       Ice/Transmutation            4
   b - Metabolic Englaciation         Hexes/Ice                    5
   c - Ozocubu's Refrigeration        Ice                          6
   d - Bolt of Cold                   Conjuration/Ice              6
   e - Freezing Cloud                 Conjuration/Ice/Air          6
   f - Simulacrum                     Ice/Necromancy               6
Miscellaneous
 Q - a fan of gales
Comestibles
 d - 14 bread rations
 f - 4 meat rations
 n - 6 beef jerkies
 p - 35 fruits
 y - a slice of pizza
 M - 2 royal jellies


   Skills:
 - Level 14.0(19.0) Fighting
 - Level 15.8(20.8) Maces & Flails
 - Level 1.7(6.7) Throwing
 - Level 9.4(14.4) Dodging
 - Level 3.1(8.1) Shields
 - Level 4.0 Spellcasting
 + Level 8.3 Conjurations
 - Level 0.8 Necromancy
 - Level 3.8 Translocations
 - Level 8.6 Transmutations
 - Level 8.6 Ice Magic
 + Level 9.2 Air Magic
 - Level 6.1 Invocations
 - Level 5.5 Evocations


You had 11 spell levels left.
You knew the following spells:

 Your Spells              Type           Power        Failure   Level  Hunger
a - Beastly Appendage     Trmt           ####..       1%          1    None
b - Stone Arrow           Conj/Erth      ###...       4%          3    ###....
c - Apportation           Tloc           ###.......   1%          1    None
d - Freezing Cloud        Conj/Ice/Air   #####.....   38%         6    #######
e - Animate Skeleton      Necr           N/A          4%          1    None


Dungeon Overview and Level Annotations

Branches:
Dungeon (13/15)            Temple (1/1) D:5            Lair (8/8) D:11
 Shoals (0/4) Lair:3       Spider (2/4) Lair:3        Slime (0/6) Lair:7
    Orc (2/2) D:12            Elf (0/3) Orc:2        Vaults (0/5) D:13

Altars:
Ashenzari
Cheibriados
Dithmenos
Elyvilon
Fedhas
Gozag
Kikubaaqudgha
Makhleb
Nemelex Xobeh
Okawaru
Pakellas
Qazlal
Ru
Sif Muna
Trog
Vehumet
Xom
Yredelemnul
Zin
The Shining One

Shops:
D:5 (   D:7 *   D:9 }   Orc:1 (   Orc:2 (=*[

Annotations:
D:3 Ratgod's ghost, amateur OgBe


Innate Abilities, Weirdness & Mutations

You can breathe wild blasts of lightning.
Your glossy black scales are hard (AC +9).
Your body does not fit into most forms of armour.
Your large and strong wings let you fly indefinitely.
You are resistant to electric shocks.
You are cold-blooded and may be slowed by cold attacks.
You possess an exceptional clarity of mind.


Message History

The entropy weaver hits you but does no damage.
The entropy weaver completely misses you.
The redback bites you.
* * * LOW HITPOINT WARNING * * *
You are lethally poisoned!
The redback poisons you!
Unknown command.
You are too berserk!
You barely miss the entropy weaver.
The entropy weaver is heavily wounded.
* * * LOW HITPOINT WARNING * * *
You feel sick. You block the jumping spider's attack.
The jumping spider barely misses you. The redback bites you.
* * * LOW HITPOINT WARNING * * *
You hit the entropy weaver.
You tail-slap the entropy weaver, but do no damage.
The entropy weaver is heavily wounded.
* * * LOW HITPOINT WARNING * * *
You feel sick. The redback closely misses you. The entropy weaver hits you!
You die...

#.....##.#..# ##..........#
###### ###..........# ##^#..#####
#......).<...###.....##.>####
..............#.........†...# ##
............................## #.
........................†....###.
#..............s..............###
#...(#.......#.p@...##..#......##
........#..##..ss..†.####......#.
..................>#####......###
.................#.##^##.........
.......................#..#.#....
.......................######....
........................# ##...
.....................#..# ##...
........................## ##...#


You could see an entropy weaver, a jumping spider and 2 redbacks.

Vanquished Creatures
  2 tengu reavers (D:13)
  3 orc warlords
  Snorg (Lair:5)
  4 vault guards
  8 hydras
  6 catoblepae
  5 centaur warriors
  Erica (D:10)
  5 death yaks
  A tengu warrior (D:13)
  3 orc high priests (Orc:2)
  Urug (Lair:2)
  Nergalle (D:10)
  Sonja (D:10)
  2 unseen horrors
  3 orc knights (Orc:2)
  3 hill giants
  Pikel (D:6)
  14 wolf spiders
  4 orc sorcerers
  7 orb spiders
  A manticore (D:13)
  4 hornets
  3 cyclopes
  2 griffons (D:13)
  12 elephants
  A guardian serpent (Lair:8)
  11 black mambas
  A torpor snail (Lair:7)
  16 spiny frogs
  6 gargoyles
  A rime drake (shapeshifter) (D:13)
  An efreet (D:13)
  2 yaktaurs (D:13)
  7 rime drakes
  10 komodo dragons
  8 demonic crawlers
  11 trolls
  10 jumping spiders (Spider:1)
  3 two-headed ogres
  A two-headed ogre (shapeshifter) (D:13)
  A boulder beetle (Spider:1)
  24 blink frogs
  8 tarantellas
  Sigmund (D:3)
  27 redbacks
  A vampire (D:13)
  A spriggan (Lair:6)
  A shadow (D:12)
  4 basilisks
  A yak (shapeshifter) (D:13)
  56 yaks
  A wraith (D:12)
  A hungry ghost (D:13)
  10 wyverns
  4 hippogriffs
  Menkaure (D:5)
  Edmund (D:4)
  A mottled dragon (D:13)
  8 wargs
  23 water moccasins
  Duvessa (D:4)
  17 porcupines
  35 orc warriors
  4 ice beasts
  2 eyes of draining
  2 sky beasts
  A black bear (D:8)
  2 wasps
  A phantom (D:10)
  A necrophage (D:9)
  19 ogres
  13 wolves
  13 centaurs
  16 crocodiles
  Blork the orc (D:4)
  7 big kobolds
  27 giant frogs
  A wyvern zombie (D:13)
  Dowan (D:4)
  A wyvern skeleton (D:13)
  7 scorpions
  14 killer bees
  2 howler monkeys
  An electric eel (Lair:3)
  7 crimson imps
  2 quasits
  3 giant frog zombies
  5 hounds
  24 orc priests
  2 centaur skeletons
  A giant frog skeleton (D:12)
  A gnoll shaman (Orc:2)
  8 jellies
  10 iguanas
  Terence (D:3)
  Natasha (thrice) (D:4)
  29 orc wizards
  14 worker ants
  A killer bee zombie (D:9)
  27 sheep
  A howler monkey zombie (D:5)
  Robin (D:3)
  10 gnolls
  98 river rats
  13 adders
  4 shadow imps
  6 oozes
  2 adder zombies
  An adder skeleton (D:8)
  3 worms
  3 dart slugs
  3 giant geckos
  84 orcs
  4 ball pythons
  10 bats
  8 giant cockroaches
  18 goblins
  8 hobgoblins
  11 jackals
  5 quokkas
  A giant gecko skeleton (D:4)
  5 giant newts
  42 kobolds
  A quokka zombie (D:7)
  6 rats
  2 fungi (Lair:8)
  2 plants (Lair:8)
1041 creatures vanquished.

Vanquished Creatures (collateral kills)
  4 yaks (Lair:7)
4 creatures vanquished.

Vanquished Creatures (others)
  An unseen horror (D:12)
  2 sheep (Lair:8)
  A river rat (Lair:5)
  2 orcs (Orc:2)
  4 bushes (Lair:8)
  95 fungi
  84 plants
189 creatures vanquished.

Grand Total: 1234 creatures vanquished

Notes
Turn   | Place    | Note
--------------------------------------------------------------
     0 | D:1      | hairmachine the Draconian Gladiator began the quest for the Orb.
     0 | D:1      | Reached XP level 1. HP: 17/17 MP: 1/1
   595 | D:1      | Reached XP level 2. HP: 24/24 MP: 2/2
  1178 | D:1      | Reached skill level 4 in Maces & Flails
  1424 | D:2      | Reached XP level 3. HP: 29/29 MP: 3/3
  2197 | D:3      | Reached skill level 5 in Maces & Flails
  2197 | D:3      | Reached XP level 4. HP: 36/36 MP: 4/4
  2658 | D:3      | Noticed Sigmund
  3256 | D:3      | Noticed Ratgod's ghost (amateur OgBe)
  3352 | D:2      | Reached XP level 5. HP: 30/41 MP: 5/5
  3697 | D:3      | Noticed Terence
  3707 | D:3      | Killed Terence
  3711 | D:3      | Noticed a sky beast
  3794 | D:3      | Killed a sky beast
  3794 | D:3      | Reached skill level 6 in Maces & Flails
  3834 | D:3      | Reached XP level 6. HP: 48/48 MP: 6/6
  3835 | D:3      | Noticed Robin
  3905 | D:3      | Killed Robin
  4290 | D:3      | Killed Sigmund
  4427 | D:4      | Noticed Duvessa
  4427 | D:4      | Noticed Dowan
  4433 | D:4      | Noticed Natasha
  4436 | D:4      | Killed Natasha
  4436 | D:4      | Reached skill level 7 in Maces & Flails
  4562 | D:4      | Killed Dowan
  4562 | D:4      | Your scales start taking on a glossy black colour.
  4562 | D:4      | Reached XP level 7. HP: 36/56 MP: 7/7
  4562 | D:4      | Gained mutation: You are resistant to electric shocks. [Black Draconian growth]
  5110 | D:4      | Killed Duvessa
  5152 | D:4      | Noticed Edmund
  5286 | D:4      | Killed Edmund
  5553 | D:4      | Noticed Natasha
  5563 | D:4      | Killed Natasha
  5586 | D:4      | Noticed Blork the orc
  5595 | D:4      | Killed Blork the orc
  5595 | D:4      | Reached skill level 5 in Fighting
  5595 | D:4      | Reached skill level 8 in Maces & Flails
  5654 | D:4      | Reached XP level 8. HP: 68/68 MP: 8/8
  6073 | D:4      | Noticed Natasha
  6082 | D:4      | Killed Natasha
  6188 | D:5      | Entered Level 5 of the Dungeon
  6216 | D:5      | Found Igalel Fyts's Antique Weapon Shoppe.
  6523 | D:5      | Found a deep blue altar of Sif Muna.
  6703 | D:5      | Noticed Menkaure
  6725 | D:5      | Killed Menkaure
  7140 | D:5      | Reached skill level 9 in Maces & Flails
  7222 | D:5      | Found a staircase to the Ecumenical Temple.
  7241 | D:5      | Found a bloodstained altar of Trog.
  7600 | Temple   | Entered the Ecumenical Temple
  7669 | Temple   | Became a worshipper of Warmaster Okawaru
  7835 | D:6      | Reached XP level 9. HP: 60/79 MP: 9/9
  7869 | D:6      | Found a glowing drain.
  7882 | Sewer    | Entered a sewer
  8138 | Sewer    | Found a glowing silver altar of Zin.
  8271 | D:6      | Found a shattered altar of Ashenzari.
  8459 | D:6      | Noticed Pikel
  8486 | D:6      | Killed Pikel
  8486 | D:6      | Reached * piety under Okawaru
  8486 | D:6      | Reached skill level 10 in Maces & Flails
  9756 | D:7      | Found Hitib's Assorted Antiques.
  9763 | D:7      | Bought a crude cloak for 237 gold pieces
  9768 | D:7      | Identified the cursed +0 cloak of the Jackalope {+Blink rPois Stlth+} (You bought it in a shop on level 7 of the Dungeon)
 10029 | D:7      | Reached ** piety under Okawaru
 10415 | D:8      | Found a burning altar of Makhleb.
 10450 | D:8      | Reached skill level 11 in Maces & Flails
 10567 | D:8      | Reached skill level 5 in Dodging
 10840 | D:8      | Reached XP level 10. HP: 89/90 MP: 10/10
 10897 | D:8      | Found a shattered altar of Ashenzari.
 11013 | D:9      | Reached skill level 1 in Evocations
 11636 | D:9      | Found an oddly glowing altar of Pakellas.
 11636 | D:9      | Found Pakellas's Prime Provisions.
 12066 | D:9      | Reached *** piety under Okawaru
 12327 | D:9      | Found a shadowy altar of Dithmenos.
 12366 | D:9      | Found a white marble altar of Elyvilon.
 12366 | D:9      | Found a stormy altar of Qazlal.
 12367 | D:9      | Found a snail-covered altar of Cheibriados.
 12861 | D:9      | Reached skill level 12 in Maces & Flails
 13017 | D:9      | Noticed a cyclops
 13089 | D:9      | Killed a cyclops
 13089 | D:9      | Reached skill level 5 in Evocations
 13494 | D:10     | Entered Level 10 of the Dungeon
 13497 | D:10     | Reached **** piety under Okawaru
 13547 | D:10     | Noticed Erica
 13575 | D:10     | Killed Erica
 14039 | D:10     | Noticed a hill giant
 14051 | D:10     | Killed a hill giant
 14051 | D:10     | Reached ***** piety under Okawaru
 14051 | D:10     | Reached XP level 11. HP: 57/95 MP: 15/15
 14298 | D:10     | Noticed a wizard
 14333 | D:10     | Noticed Nergalle
 14348 | D:10     | Killed Nergalle
 14761 | D:10     | Noticed a centaur warrior
 14776 | D:10     | HP: 4/95 [centaur warrior (14)]
 14784 | D:10     | Killed a centaur warrior
 14784 | D:10     | Received a gift from Okawaru
 14784 | D:10     | Reached skill level 13 in Maces & Flails
 15120 | D:10     | Reached skill level 5 in Invocations
 15149 | D:10     | Noticed Sonja
 15778 | D:11     | Found a sacrificial altar of Ru.
 15893 | D:11     | Found a staircase to the Lair.
 16298 | D:11     | Killed an unseen horror
 16564 | Lair:1   | Entered Level 1 of the Lair of Beasts
 16654 | Lair:1   | Noticed a seven-headed hydra
 16800 | D:11     | Gained mutation: You possess an exceptional clarity of mind. [potion of beneficial mutation]
 16810 | Lair:1   | Killed a seven-headed hydra
 17107 | Lair:1   | Found a dark tunnel.
 18912 | Lair:2   | Noticed a four-headed hydra
 18929 | Lair:2   | Killed a four-headed hydra
 18929 | Lair:2   | Received a gift from Okawaru
 18929 | Lair:2   | Reached XP level 12. HP: 62/105 MP: 16/16
 19102 | Lair:2   | Noticed Urug
 19139 | Lair:2   | Killed Urug
 19139 | Lair:2   | Reached skill level 14 in Maces & Flails
 19532 | Lair:2   | Reached skill level 10 in Fighting
 21192 | Lair:3   | Learned a level 1 spell: Beastly Appendage
 21206 | Lair:3   | Noticed an eight-headed hydra
 21219 | Lair:3   | Killed an eight-headed hydra
 21219 | Lair:3   | Reached skill level 1 in Transmutations
 21356 | Lair:2   | Received a gift from Okawaru
 21565 | Lair:3   | Found a staircase to the Shoals.
 21763 | Lair:3   | Found a hole to the Spider Nest.
 22337 | Lair:3   | Learned a level 4 spell: Ice Form
 23567 | Lair:4   | Reached skill level 5 in Transmutations
 23846 | Lair:4   | Noticed a catoblepas
 23864 | Lair:4   | Killed a catoblepas
 24211 | Lair:4   | Reached skill level 1 in Ice Magic
 24390 | Lair:5   | Reached XP level 13. HP: 61/118 MP: 15/17
 24622 | Lair:5   | Noticed Snorg
 24674 | Lair:5   | Killed Snorg
 24674 | Lair:5   | Received a gift from Okawaru
 27937 | Lair:6   | Reached skill level 5 in Ice Magic
 28536 | Lair:6   | Received a gift from Okawaru
 30157 | Lair:7   | Found a staircase to the Slime Pits.
 30670 | Lair:7   | HP: 4/122 [komodo dragon (13)]
 30956 | Lair:7   | Gained mutation: Your large and strong wings let you fly indefinitely. [Black Draconian growth]
 30956 | Lair:7   | Reached XP level 14. HP: 92/129 MP: 18/18
 32037 | Lair:7   | Learned a level 1 spell: Apportation
 32366 | Lair:7   | Reached skill level 1 in Translocations
 32723 | Lair:8   | Entered Level 8 of the Lair of Beasts
 33542 | Lair:8   | Received a gift from Okawaru
 33543 | Lair:8   | Got a brightly glowing buckler {god gift}
 33570 | Lair:7   | Identified the +3 buckler "Heabro Ypah" {Stlth+} (Okawaru gifted it to you on level 8 of the Lair of Beasts)
 34749 | Lair:8   | Got a brightly glowing zirconium amulet
 34751 | Lair:8   | Identified the amulet of Ascent {+Rage rPois Int+6 Dex+4} (You found it on level 8 of the Lair of Beasts)
 37453 | Lair:8   | Learned a level 6 spell: Freezing Cloud
 38006 | D:11     | Reached skill level 1 in Air Magic
 38719 | D:12     | Received a gift from Okawaru
 38818 | D:12     | Found a staircase to the Orcish Mines.
 38827 | Orc:1    | Entered Level 1 of the Orcish Mines
 39040 | Orc:2    | Entered Level 2 of the Orcish Mines
 39040 | Orc:2    | Noticed an orc warlord
 39332 | Orc:2    | Killed an orc warlord
 39332 | Orc:2    | Received a gift from Okawaru
 39332 | Orc:2    | Reached skill level 1 in Conjurations
 39332 | Orc:2    | Reached XP level 15. HP: 116/138 MP: 11/19
 39365 | Orc:2    | Found a staircase to the Elven Halls.
 39738 | Orc:1    | Found Nuofous's Weapon Shoppe.
 39797 | Orc:1    | Found a burning altar of Makhleb.
 40447 | Orc:2    | Found Pigug's Antique Weapon Emporium.
 40480 | Orc:2    | Reached skill level 15 in Maces & Flails
 40722 | Orc:2    | Noticed an orc warlord
 40955 | Orc:2    | Killed an orc warlord
 40955 | Orc:2    | Reached skill level 5 in Air Magic
 40997 | Orc:2    | Noticed an orc warlord
 41433 | Orc:1    | Killed an orc warlord
 41480 | Orc:1    | Learned a level 1 spell: Animate Skeleton
 41768 | Orc:2    | Found Tarphotorph's Jewellery Shoppe.
 41813 | Orc:2    | Found Tayhajoj's General Store.
 42142 | Orc:2    | Bought an uncursed ring of wizardry for 420 gold pieces
 42213 | Orc:2    | Found Aqosh's Antique Armour Boutique.
 42762 | D:13     | Found a gate to the Vaults.
 42795 | D:13     | Found a blossoming altar of Fedhas.
 43587 | D:13     | Received a gift from Okawaru
 43803 | D:12     | Reached skill level 5 in Conjurations
 44411 | D:13     | Noticed a tengu reaver
 44411 | D:13     | Noticed a tengu reaver
 44455 | D:13     | Killed a tengu reaver
 44461 | D:13     | Killed a tengu reaver
 45249 | D:10     | Killed Sonja
 45332 | D:7      | Bought a thin leatherbound book for 375 gold pieces
 45339 | D:7      | Learned a level 3 spell: Stone Arrow
 45596 | Spider:1 | Entered Level 1 of the Spider Nest
 45818 | Spider:1 | Reached skill level 1 in Spellcasting
 46321 | Spider:1 | Reached XP level 16. HP: 80/146 MP: 6/20
 46912 | Spider:1 | Received a gift from Okawaru
 47352 | Spider:1 | Reached ****** piety under Okawaru
 47370 | Spider:1 | HP: 7/146 [poisoned by a wolf spider]
 47376 | Spider:1 | HP: 5/146 [jumping spider (11)]
 47376 | Spider:1 | HP: 2/146 [jumping spider (3)]
 49294 | Spider:1 | HP: 10/219 [redback (5)]
 49295 | Spider:1 | Slain by an entropy weaver

Skill      XL: |  1  2  3  4  5  6  7  8  9 10 11 12 13 14 15 16 |
---------------+-------------------------------------------------+-----
Maces & Flails | 4 5 6 7 8 9 11 12 13 14 15 | 15.8
Shields        | 2 3 |  3.1
Fighting       | 5 7 8 9 12 13 14 | 14.0
Dodging        | 5 6 7 9 |  9.4
Evocations     | 5 |  5.5
Invocations    | 3 6 |  6.1
Transmutations | 5 8 |  8.6
Ice Magic      | 1 8 |  8.6
Translocations | 3 |  3.8
Air Magic      | 3 8 9 |  9.2
Conjurations   | 1 6 8 |  8.3
Spellcasting   | 2 4 |  4.0
Throwing       | |  1.7
Necromancy     | |  0.8

Action                   |  1- 3 |  4- 6 |  7- 9 | 10-12 | 13-15 | 16-18 || total
-------------------------+-------+-------+-------+-------+-------+-------++-------
Melee: Flail             |    94 |   165 |   466 |  1149 |  2455 |   238 ||  4567
       Dagger            |     8 |       |       |       |       |       ||     8
       Tailslap          |    13 |    22 |    72 |   186 |   438 |    58 ||   789
       Unarmed           |       |       |       |       |    13 |       ||    13
       Headbutt          |       |       |       |       |    96 |       ||    96
       Demon whip        |       |       |       |       |    45 |       ||    45
Throw: Throwing net      |     8 |     2 |       |     1 |       |       ||    11
       Stone             |       |     8 |    13 |     7 |       |       ||    28
       Tomahawk          |       |       |     4 |    13 |       |       ||    17
       Javelin           |       |       |       |    24 |    61 |    13 ||    98
 Cast: Beastly Appendage |       |       |       |     1 |    20 |       ||    21
       Ice Form          |       |       |       |       |     1 |       ||     1
       Stone Arrow       |       |       |       |       |    14 |    53 ||    67
       Apportation       |       |       |       |       |       |     3 ||     3
Invok: Heroism           |       |       |       |     9 |    10 |     2 ||    21
       Finesse           |       |       |       |     3 |     7 |     1 ||    11
 Abil: Breathe Lightning |       |       |     2 |     2 |     3 |     1 ||     8
       Evoke Berserk Rag |       |       |       |     4 |     9 |     3 ||    16
       Fly               |       |       |       |       |     1 |       ||     1
       Evoke Blink       |       |       |       |       |       |     2 ||     2
Evoke: Wand              |       |       |       |     2 |     2 |       ||     4
  Use: Scroll            |     2 |     6 |     6 |    12 |    14 |       ||    40
       Potion            |       |     4 |     2 |     7 |    14 |     2 ||    29
 Stab: Held in net/web   |     1 |     1 |       |       |       |       ||     2
       Distracted        |       |     1 |     1 |       |     6 |     1 ||     9
       Sleeping          |       |       |     1 |     7 |     7 |       ||    15
       Confused          |       |       |       |     1 |       |       ||     1
       Petrified         |       |       |       |       |     1 |       ||     1
  Eat: Chunk             |     4 |     8 |    20 |    42 |    64 |     5 ||   143
       Beef jerky        |       |       |       |     3 |     3 |     2 ||     8
       Pizza             |       |       |       |     1 |       |       ||     1
       Fruit             |       |       |       |       |     2 |       ||     2
       Meat ration       |       |       |       |       |     3 |     2 ||     5
Armor: Skin              |    34 |    66 |   128 |   352 |   631 |   112 ||  1323
Dodge: Dodged            |    67 |    98 |   216 |   666 |  1615 |   232 ||  2894
Block: Buckler           |       |    20 |    75 |   208 |   776 |   151 ||  1230
